[ PARTIDA AOE2 · #476366388 ]
Team RMJaponeses vs Britons
[ ANÁLISIS DE REPETICIÓN · EXTRAÍDO DE LA PARTIDA GRABADA ]
Feudal
9:51
Castillos
—
Imperial
—
| APM promedio | 35.8 |
| APM pico | 72 |
| eAPM promedio | 11.2 |
| Aldeanos / militares | 31 / 8 |
Foco
⚔️ 13.8% · 🌾 86.2%
Fishing Ship ×9 · Scout Cavalry ×8
Feudal
8:31
Castillos
—
Imperial
—
| APM promedio | 46.6 |
| APM pico | 97 |
| eAPM promedio | 18.2 |
| Aldeanos / militares | 31 / 6 |
Foco
⚔️ 32.3% · 🌾 67.7%
Scout Cavalry ×6 · Fishing Ship ×5
Feudal
7:47
Castillos
—
Imperial
—
| APM promedio | 71.4 |
| APM pico | 117 |
| eAPM promedio | 21.2 |
| Aldeanos / militares | 37 / 20 |
Foco
⚔️ 36.6% · 🌾 63.4%
Archer ×19 · Spearman ×1
Feudal
10:36
Castillos
14:56
Imperial
—
| APM promedio | 67.0 |
| APM pico | 152 |
| eAPM promedio | 33.2 |
| Aldeanos / militares | 37 / 23 |
Foco
⚔️ 51.0% · 🌾 49.0%
Archer ×22 · Fishing Ship ×5 · Spearman ×1
Feudal
8:38
Castillos
19:15
Imperial
—
| APM promedio | 52.5 |
| APM pico | 73 |
| eAPM promedio | 20.6 |
| Aldeanos / militares | 64 / 19 |
Foco
⚔️ 30.8% · 🌾 69.2%
Scout Cavalry ×19 · Fishing Ship ×3
Feudal
8:25
Castillos
—
Imperial
—
| APM promedio | 77.2 |
| APM pico | 111 |
| eAPM promedio | 24.9 |
| Aldeanos / militares | 44 / 31 |
Foco
⚔️ 25.1% · 🌾 74.9%
Archer ×31 · Fishing Ship ×3
Feudal
10:34
Castillos
—
Imperial
—
| APM promedio | 20.6 |
| APM pico | 59 |
| eAPM promedio | 10.5 |
| Aldeanos / militares | 24 / 6 |
Foco
⚔️ 29.6% · 🌾 70.4%
Fishing Ship ×5 · Skirmisher ×4 · Unknown (2550) ×2 · Spearman ×1 · Fire Galley ×1
Feudal
8:32
Castillos
—
Imperial
—
| APM promedio | 41.1 |
| APM pico | 80 |
| eAPM promedio | 15.3 |
| Aldeanos / militares | 37 / 3 |
Foco
⚔️ 26.9% · 🌾 73.1%
Fishing Ship ×17 · Unknown (2626) ×5 · Fire Galley ×2 · Scout Cavalry ×1
Mapa de la partida
Recursos iniciales + cada clic de construcción. Líneas = muros · curvas = relieve. ◆ oro · ⬟ piedra · ● bayas · ✦ reliquia · ◌ hueco del cierre
Tu base· Abierta — flanco sin cerrar
Base de Bourne2Believe· Abierta — flanco sin cerrar
Base de Zeriel· Abierta — flanco sin cerrar
Base de 展毅· Abierta — flanco sin cerrar
Base de SmithAoE· Abierta — hueco de 9t
Base de impirion· Abierta — flanco sin cerrar
Base de Paradigma· Abierta — flanco sin cerrar
Base de saracast· Abierta — flanco sin cerrar
Terreno inicial suavizado · ◌ = hueco del cierre detectado · pasá el cursor para detalles
Inputs por minuto
— mylove__ - - Bourne2Believe
Build order — mylove__
79 acciones detectadas en el replay
| 0:02 | Crear | Villager (Male) |
| 0:05 | Investigar | Loom |
| 0:06 | Construir | House |
| 0:07 | Construir | House |
| 0:09 | Construir | House |
| 0:10 | Crear | Villager (Male) |
| 0:10 | Crear | Villager (Male) |
| 0:10 | Crear | Villager (Male) |
| 0:18 | Crear | Villager (Male) |
| 0:18 | Crear | Villager (Male) |
| 1:16 | Crear | Villager (Male) |
| 1:57 | Crear | Villager (Male) |
| 2:03 | Construir | Lumber Camp |
| 2:16 | Crear | Villager (Male) |
| 2:17 | Crear | Villager (Male) |
| 2:46 | Crear | Villager (Male) |
| 2:47 | Crear | Villager (Male) |
| 2:57 | Crear | Villager (Male) |
| 2:57 | Crear | Villager (Male) |
| 3:38 | Crear | Villager (Male) |
| 3:51 | Crear | Villager (Male) |
| 4:34 | Construir | Dock |
| 4:58 | Construir | Mill |
| 5:09 | Crear | Villager (Male) |
| 5:09 | Crear | Villager (Male) |
| 5:27 | Crear | Fishing Ship |
| 5:28 | Crear | Fishing Ship |
| 5:31 | Construir | House |
| 5:34 | Crear | Villager (Male) |
| 5:51 | Crear | Villager (Male) |
| 5:55 | Crear | Villager (Male) |
| 5:59 | Construir | House |
| 6:01 | Crear | Fishing Ship |
| 6:02 | Crear | Fishing Ship |
| 6:55 | Crear | Fishing Ship |
| 7:07 | Crear | Villager (Male) |
| 7:28 | Construir | House |
| 7:41 | Investigar | Feudal Age |
| 7:59 | Construir | Palisade Wall |
| 8:13 | Crear | Fishing Ship |
| 9:15 | Construir | Barracks |
| 9:40 | Construir | Palisade Wall |
| 9:51 | Edad | Edad Feudal |
| 9:53 | Crear | Villager (Male) |
| 10:09 | Construir | Stable |
| 10:13 | Crear | Villager (Male) |
| 10:27 | Crear | Fishing Ship |
| 10:28 | Crear | Fishing Ship |
| 10:37 | Construir | House |
| 10:55 | Crear | Scout Cavalry |
| 10:55 | Crear | Scout Cavalry |
| 11:10 | Crear | Scout Cavalry |
| 11:13 | Crear | Villager (Male) |
| 11:15 | Investigar | Double-Bit Axe |
| 11:18 | Crear | Fishing Ship |
| 11:24 | Construir | House |
| 11:48 | Crear | Villager (Male) |
| 11:55 | Construir | Blacksmith |
| 12:01 | Crear | Scout Cavalry |
| 12:10 | Construir | Mill |
| 12:17 | Crear | Villager (Male) |
| 12:33 | Construir | Mining Camp |
| 12:38 | Investigar | Scale Barding Armor |
| 12:39 | Crear | Villager (Male) |
| 12:48 | Crear | Scout Cavalry |
| 12:48 | Crear | Scout Cavalry |
| 13:27 | Crear | Villager (Male) |
| 13:29 | Construir | Farm |
| 13:30 | Construir | Farm |
| 13:31 | Construir | Farm |
| 13:32 | Construir | Farm |
| 13:33 | Construir | Farm |
| 13:45 | Crear | Scout Cavalry |
| 13:45 | Crear | Scout Cavalry |
| 13:48 | Crear | Villager (Male) |
| 13:51 | Construir | Farm |
| 13:52 | Investigar | Horse Collar |
| 13:54 | Crear | Villager (Male) |
| 14:05 | Construir | Farm |
Build order — Bourne2Believe
80 acciones detectadas en el replay
| 0:01 | Crear | Villager (Male) |
| 0:05 | Investigar | Loom |
| 0:06 | Investigar | Loom |
| 0:07 | Construir | House |
| 0:08 | Construir | House |
| 0:26 | Crear | Villager (Male) |
| 0:26 | Crear | Villager (Male) |
| 0:27 | Crear | Villager (Male) |
| 0:27 | Crear | Villager (Male) |
| 0:27 | Crear | Villager (Male) |
| 0:36 | Crear | Villager (Male) |
| 0:37 | Crear | Villager (Male) |
| 1:18 | Crear | Villager (Male) |
| 1:31 | Crear | Villager (Male) |
| 1:39 | Construir | Lumber Camp |
| 2:29 | Crear | Villager (Male) |
| 2:29 | Crear | Villager (Male) |
| 2:29 | Crear | Villager (Male) |
| 2:42 | Construir | House |
| 2:54 | Crear | Villager (Male) |
| 2:54 | Crear | Villager (Male) |
| 3:11 | Crear | Villager (Male) |
| 3:32 | Crear | Villager (Male) |
| 3:32 | Crear | Villager (Male) |
| 4:13 | Crear | Villager (Male) |
| 4:18 | Construir | Dock |
| 4:37 | Crear | Villager (Male) |
| 4:47 | Construir | House |
| 5:06 | Crear | Fishing Ship |
| 5:41 | Crear | Villager (Male) |
| 5:45 | Crear | Fishing Ship |
| 6:16 | Investigar | Feudal Age |
| 6:16 | Investigar | Feudal Age |
| 6:39 | Construir | House |
| 6:43 | Crear | Fishing Ship |
| 7:40 | Construir | Barracks |
| 8:24 | Crear | Villager (Male) |
| 8:31 | Edad | Edad Feudal |
| 8:36 | Construir | Stable |
| 8:46 | Crear | Villager (Male) |
| 8:55 | Construir | Palisade Wall |
| 9:00 | Crear | Villager (Male) |
| 9:14 | Investigar | Double-Bit Axe |
| 9:14 | Investigar | Double-Bit Axe |
| 9:22 | Construir | Palisade Wall |
| 9:27 | Crear | Scout Cavalry |
| 9:27 | Crear | Scout Cavalry |
| 9:45 | Crear | Villager (Male) |
| 9:50 | Crear | Scout Cavalry |
| 10:00 | Crear | Villager (Male) |
| 10:05 | Crear | Scout Cavalry |
| 10:14 | Construir | House |
| 10:28 | Investigar | Wheelbarrow |
| 10:28 | Investigar | Wheelbarrow |
| 10:31 | Crear | Scout Cavalry |
| 10:50 | Crear | Fishing Ship |
| 11:02 | Crear | Scout Cavalry |
| 11:42 | Crear | Villager (Male) |
| 11:48 | Construir | Mill |
| 11:55 | Crear | Villager (Male) |
| 12:09 | Construir | Fish Trap |
| 12:10 | Crear | Fishing Ship |
| 12:12 | Construir | House |
| 12:25 | Construir | Farm |
| 12:26 | Construir | Farm |
| 12:27 | Construir | Farm |
| 12:28 | Construir | Farm |
| 12:29 | Construir | Farm |
| 12:30 | Construir | Farm |
| 12:32 | Construir | Farm |
| 12:33 | Construir | Farm |
| 12:43 | Construir | House |
| 12:45 | Construir | House |
| 12:47 | Construir | House |
| 13:20 | Construir | Farm |
| 13:28 | Crear | Villager (Male) |
| 13:35 | Construir | Fish Trap |
| 13:36 | Construir | House |
| 13:45 | Crear | Villager (Male) |
| 14:07 | Crear | Villager (Male) |
Build order — Zeriel
110 acciones detectadas en el replay
| 0:03 | Investigar | Loom |
| 0:04 | Construir | House |
| 0:05 | Construir | House |
| 0:30 | Construir | Lumber Camp |
| 0:32 | Crear | Villager (Male) |
| 0:32 | Crear | Villager (Male) |
| 0:43 | Crear | Villager (Male) |
| 0:44 | Crear | Villager (Male) |
| 0:44 | Crear | Villager (Male) |
| 1:28 | Crear | Villager (Male) |
| 1:28 | Crear | Villager (Male) |
| 2:04 | Crear | Villager (Male) |
| 2:20 | Construir | House |
| 2:39 | Crear | Villager (Male) |
| 3:30 | Crear | Villager (Male) |
| 3:30 | Crear | Villager (Male) |
| 4:06 | Construir | Mill |
| 4:11 | Crear | Villager (Male) |
| 4:41 | Crear | Villager (Male) |
| 5:06 | Crear | Villager (Male) |
| 5:37 | Investigar | Feudal Age |
| 5:37 | Investigar | Feudal Age |
| 6:26 | Construir | Barracks |
| 6:38 | Crear | Villager (Male) |
| 6:47 | Construir | House |
| 7:47 | Edad | Edad Feudal |
| 7:50 | Construir | Archery Range |
| 7:57 | Construir | Archery Range |
| 8:05 | Investigar | Double-Bit Axe |
| 8:05 | Investigar | Double-Bit Axe |
| 8:24 | Crear | Villager (Male) |
| 8:28 | Construir | Archery Range |
| 8:32 | Construir | Stone Wall |
| 8:35 | Crear | Archer |
| 8:37 | Crear | Spearman |
| 8:50 | Crear | Villager (Male) |
| 8:52 | Construir | Mining Camp |
| 9:01 | Construir | Mining Camp |
| 9:01 | Crear | Villager (Male) |
| 9:18 | Construir | House |
| 9:24 | Construir | Gate |
| 9:25 | Construir | Stone Wall |
| 9:31 | Construir | Stone Wall |
| 9:40 | Crear | Archer |
| 9:43 | Construir | House |
| 9:56 | Crear | Villager (Male) |
| 10:07 | Crear | Archer |
| 10:19 | Crear | Villager (Male) |
| 10:42 | Construir | House |
| 10:43 | Crear | Villager (Male) |
| 10:47 | Crear | Archer |
| 10:55 | Construir | Blacksmith |
| 11:03 | Crear | Archer |
| 11:06 | Crear | Villager (Male) |
| 11:07 | Construir | House |
| 11:10 | Construir | House |
| 11:11 | Crear | Archer |
| 11:36 | Crear | Archer |
| 11:36 | Crear | Archer |
| 11:45 | Crear | Villager (Male) |
| 11:58 | Investigar | Fletching |
| 12:14 | Crear | Villager (Male) |
| 12:16 | Construir | Farm |
| 12:18 | Construir | Farm |
| 12:20 | Construir | Farm |
| 12:22 | Construir | Farm |
| 12:27 | Construir | Gate |
| 12:28 | Construir | Stone Wall |
| 12:48 | Construir | Lumber Camp |
| 12:51 | Construir | House |
| 12:51 | Crear | Villager (Male) |
| 13:04 | Crear | Archer |
| 13:05 | Crear | Archer |
| 13:21 | Crear | Archer ×2 |
| 13:23 | Crear | Villager (Male) |
| 13:24 | Construir | House |
| 13:26 | Crear | Villager (Male) |
| 13:51 | Crear | Archer ×2 |
| 13:54 | Crear | Archer |
| 13:54 | Crear | Villager (Male) |
| 14:01 | Crear | Villager (Male) |
| 14:19 | Crear | Archer |
| 14:28 | Construir | Stone Wall |
| 14:37 | Crear | Villager (Male) |
| 14:39 | Construir | Farm |
| 14:40 | Crear | Villager (Male) |
| 14:41 | Construir | Farm |
| 14:55 | Crear | Archer |
| 14:58 | Construir | Farm |
| 15:02 | Construir | Farm |
| 15:14 | Crear | Villager (Male) |
| 15:27 | Construir | Farm |
| 15:28 | Construir | Farm |
| 15:30 | Crear | Villager (Male) |
| 15:57 | Crear | Villager (Male) |
| 16:00 | Construir | Farm |
| 16:05 | Construir | Farm |
| 16:23 | Construir | Farm |
| 16:51 | Construir | Farm |
| 17:03 | Construir | House |
| 17:04 | Construir | House |
| 17:22 | Construir | Farm |
| 17:23 | Crear | Villager (Male) |
| 17:24 | Construir | Market |
| 17:26 | Construir | House |
| 17:57 | Crear | Villager (Male) |
| 18:08 | Crear | Archer |
| 18:08 | Crear | Archer |
| 18:24 | Construir | Farm |
| 18:29 | Crear | Villager (Male) |
Build order — 展毅
102 acciones detectadas en el replay
| 0:00 | Crear | Villager (Male) |
| 0:00 | Crear | Villager (Male) |
| 0:00 | Crear | Villager (Male) |
| 0:03 | Investigar | Loom |
| 0:05 | Construir | House |
| 0:07 | Construir | House |
| 0:13 | Crear | Villager (Male) |
| 0:13 | Crear | Villager (Male) |
| 0:14 | Crear | Villager (Male) |
| 0:14 | Crear | Villager (Male) |
| 1:10 | Crear | Villager (Male) |
| 1:20 | Construir | Lumber Camp |
| 1:56 | Crear | Villager (Male) |
| 1:57 | Crear | Villager (Male) |
| 2:13 | Crear | Villager (Male) |
| 2:13 | Crear | Villager (Male) |
| 2:48 | Crear | Villager (Male) |
| 2:48 | Crear | Villager (Male) |
| 2:55 | Construir | House |
| 3:14 | Crear | Villager (Male) |
| 3:14 | Crear | Villager (Male) |
| 3:20 | Crear | Villager (Male) |
| 3:20 | Crear | Villager (Male) |
| 3:31 | Construir | House |
| 3:50 | Crear | Villager (Male) |
| 3:50 | Crear | Villager (Male) |
| 4:04 | Construir | Palisade Wall |
| 4:22 | Construir | Dock |
| 4:41 | Crear | Villager (Male) |
| 4:42 | Crear | Villager (Male) |
| 4:42 | Crear | Villager (Male) |
| 4:42 | Crear | Villager (Male) |
| 4:47 | Construir | House |
| 4:54 | Crear | Villager (Male) |
| 4:54 | Crear | Villager (Male) |
| 5:00 | Crear | Fishing Ship |
| 5:21 | Construir | Palisade Wall |
| 5:48 | Construir | Palisade Wall |
| 5:52 | Crear | Fishing Ship |
| 5:54 | Crear | Villager (Male) |
| 6:19 | Construir | House |
| 6:39 | Crear | Fishing Ship |
| 6:57 | Crear | Villager (Male) |
| 7:29 | Crear | Fishing Ship |
| 7:30 | Crear | Villager (Male) |
| 7:50 | Construir | Mining Camp |
| 8:00 | Crear | Villager (Male) |
| 8:00 | Investigar | Feudal Age |
| 8:25 | Construir | Mill |
| 8:54 | Construir | Lumber Camp |
| 9:53 | Construir | Barracks |
| 10:02 | Crear | Villager (Male) |
| 10:02 | Crear | Villager (Male) |
| 10:36 | Edad | Edad Feudal |
| 10:39 | Construir | Archery Range |
| 10:47 | Construir | Palisade Wall |
| 10:48 | Construir | Palisade Wall |
| 10:49 | Construir | Palisade Wall |
| 11:17 | Construir | Blacksmith |
| 11:20 | Crear | Villager (Male) |
| 11:29 | Crear | Archer |
| 11:36 | Construir | House |
| 11:40 | Crear | Spearman |
| 11:43 | Crear | Villager (Male) |
| 11:49 | Construir | House |
| 11:51 | Construir | House |
| 12:06 | Investigar | Castle Age |
| 12:06 | Investigar | Castle Age |
| 12:07 | Investigar | Castle Age |
| 12:20 | Construir | Archery Range |
| 12:33 | Investigar | Fletching |
| 12:33 | Investigar | Fletching |
| 12:55 | Crear | Fishing Ship |
| 13:04 | Crear | Archer |
| 13:05 | Crear | Archer |
| 13:18 | Construir | Market |
| 13:26 | Crear | Archer |
| 13:46 | Crear | Archer |
| 13:51 | Crear | Archer |
| 13:51 | Crear | Archer |
| 14:07 | Crear | Archer |
| 14:20 | Crear | Archer |
| 14:40 | Crear | Archer |
| 14:49 | Crear | Archer |
| 14:56 | Edad | Edad de los Castillos |
| 15:00 | Investigar | Crossbowman (upgrade) |
| 15:00 | Investigar | Crossbowman (upgrade) |
| 15:11 | Investigar | Bodkin Arrow |
| 15:36 | Crear | Archer |
| 15:36 | Crear | Archer |
| 15:41 | Crear | Villager (Male) |
| 16:21 | Crear | Villager (Male) |
| 16:21 | Crear | Villager (Male) |
| 16:45 | Crear | Archer |
| 16:45 | Crear | Archer |
| 16:53 | Crear | Archer |
| 16:53 | Crear | Archer |
| 16:53 | Crear | Archer |
| 16:53 | Crear | Archer |
| 17:17 | Crear | Archer |
| 17:17 | Crear | Archer |
| 17:17 | Crear | Archer |
Build order — SmithAoE
134 acciones detectadas en el replay
| 0:01 | Crear | Villager (Male) |
| 0:01 | Crear | Villager (Male) |
| 0:01 | Crear | Villager (Male) |
| 0:04 | Construir | House |
| 0:05 | Construir | House |
| 0:09 | Investigar | Loom |
| 0:09 | Crear | Villager (Male) ×4 |
| 0:10 | Crear | Villager (Male) ×4 |
| 1:04 | Crear | Villager (Male) |
| 1:18 | Crear | Villager (Male) |
| 1:48 | Crear | Villager (Male) |
| 1:53 | Crear | Villager (Male) |
| 1:54 | Crear | Villager (Male) |
| 2:30 | Crear | Villager (Male) |
| 2:40 | Crear | Villager (Male) |
| 2:40 | Crear | Villager (Male) |
| 2:42 | Crear | Villager (Male) |
| 2:53 | Crear | Villager (Male) |
| 2:56 | Crear | Villager (Male) |
| 2:58 | Crear | Villager (Male) |
| 3:00 | Crear | Villager (Male) |
| 3:14 | Construir | House |
| 3:45 | Crear | Villager (Male) |
| 3:48 | Crear | Villager (Male) |
| 4:03 | Crear | Villager (Male) |
| 4:04 | Crear | Villager (Male) |
| 4:07 | Crear | Villager (Male) |
| 4:10 | Crear | Villager (Male) |
| 4:15 | Construir | Mule Cart |
| 4:34 | Crear | Villager (Male) |
| 4:39 | Crear | Villager (Male) |
| 4:44 | Crear | Villager (Male) |
| 4:58 | Construir | House |
| 5:03 | Crear | Villager (Male) |
| 5:07 | Crear | Villager (Male) |
| 5:29 | Construir | Dock |
| 5:35 | Crear | Villager (Male) |
| 5:36 | Crear | Villager (Male) |
| 5:47 | Construir | Palisade Wall |
| 5:48 | Construir | Palisade Wall |
| 5:49 | Construir | Palisade Wall |
| 6:28 | Investigar | Feudal Age |
| 6:40 | Crear | Fishing Ship |
| 7:34 | Construir | Barracks |
| 7:42 | Crear | Villager (Male) |
| 8:38 | Edad | Edad Feudal |
| 8:48 | Construir | Stable |
| 8:55 | Crear | Villager (Male) |
| 9:06 | Construir | House |
| 9:07 | Crear | Villager (Male) |
| 9:23 | Construir | Mill |
| 9:24 | Crear | Scout Cavalry |
| 9:24 | Crear | Scout Cavalry |
| 9:24 | Crear | Scout Cavalry |
| 9:43 | Construir | Stone Wall |
| 9:44 | Crear | Villager (Male) |
| 9:47 | Crear | Scout Cavalry |
| 9:48 | Crear | Villager (Male) |
| 9:48 | Crear | Villager (Male) |
| 9:51 | Crear | Fishing Ship |
| 10:01 | Investigar | Double-Bit Axe |
| 10:12 | Crear | Scout Cavalry |
| 10:16 | Crear | Villager (Male) |
| 10:19 | Investigar | Horse Collar |
| 10:31 | Crear | Villager (Male) |
| 10:45 | Construir | House |
| 10:47 | Crear | Villager (Male) |
| 10:55 | Crear | Scout Cavalry |
| 10:55 | Crear | Scout Cavalry |
| 11:00 | Construir | Farm |
| 11:11 | Construir | Farm |
| 11:27 | Crear | Scout Cavalry |
| 11:28 | Crear | Villager (Male) |
| 11:29 | Construir | Farm |
| 11:41 | Crear | Villager (Male) |
| 12:00 | Crear | Villager (Male) |
| 12:05 | Construir | Stone Wall |
| 12:21 | Crear | Villager (Male) |
| 12:23 | Construir | House |
| 12:27 | Construir | Farm |
| 12:27 | Construir | Farm |
| 12:33 | Crear | Villager (Male) |
| 12:36 | Crear | Fishing Ship |
| 12:41 | Crear | Villager (Male) |
| 12:49 | Construir | Blacksmith |
| 12:50 | Crear | Villager (Male) |
| 12:51 | Construir | Farm |
| 12:52 | Construir | Farm |
| 12:55 | Construir | House |
| 12:58 | Crear | Villager (Male) |
| 13:18 | Crear | Scout Cavalry |
| 13:34 | Crear | Villager (Male) |
| 13:52 | Construir | Stone Wall |
| 13:52 | Crear | Villager (Male) |
| 13:54 | Construir | Farm |
| 13:55 | Construir | Farm |
| 13:55 | Construir | Farm |
| 13:55 | Construir | Farm |
| 13:59 | Crear | Scout Cavalry |
| 13:59 | Crear | Scout Cavalry |
| 14:02 | Crear | Villager (Male) |
| 14:08 | Construir | Farm |
| 14:53 | Construir | Farm |
| 14:54 | Construir | Farm |
| 15:06 | Construir | House |
| 15:25 | Construir | Market |
| 15:30 | Construir | Farm |
| 16:35 | Investigar | Castle Age |
| 16:35 | Investigar | Castle Age |
| 16:37 | Crear | Villager (Male) |
| 16:39 | Construir | House |
| 16:53 | Construir | House |
| 16:54 | Crear | Villager (Male) |
| 17:08 | Investigar | Forging |
| 17:15 | Investigar | Scale Barding Armor |
| 17:16 | Investigar | Scale Barding Armor |
| 17:31 | Construir | Stable |
| 17:42 | Construir | Mule Cart |
| 17:46 | Crear | Villager (Male) |
| 17:59 | Investigar | Bloodlines |
| 18:02 | Crear | Villager (Male) |
| 18:16 | Crear | Scout Cavalry |
| 18:16 | Crear | Scout Cavalry |
| 18:25 | Crear | Villager (Male) |
| 18:37 | Construir | Farm |
| 18:39 | Construir | Farm |
| 18:43 | Crear | Scout Cavalry |
| 18:43 | Crear | Scout Cavalry |
| 18:50 | Construir | House |
| 18:51 | Crear | Villager (Male) |
| 19:00 | Crear | Scout Cavalry ×2 |
| 19:00 | Crear | Scout Cavalry ×2 |
| 19:05 | Crear | Villager (Male) |
| 19:15 | Edad | Edad de los Castillos |
Build order — impirion
123 acciones detectadas en el replay
| 0:01 | Crear | Villager (Male) |
| 0:02 | Construir | House |
| 0:04 | Construir | House |
| 0:05 | Construir | House |
| 0:30 | Crear | Villager (Male) |
| 0:30 | Crear | Villager (Male) |
| 0:30 | Crear | Villager (Male) |
| 1:05 | Crear | Villager (Male) |
| 1:14 | Construir | Lumber Camp |
| 1:35 | Crear | Villager (Male) |
| 1:35 | Crear | Villager (Male) |
| 1:35 | Crear | Villager (Male) |
| 2:18 | Crear | Villager (Male) |
| 2:18 | Crear | Villager (Male) |
| 2:31 | Crear | Villager (Male) |
| 2:32 | Crear | Villager (Male) |
| 3:00 | Crear | Villager (Male) |
| 3:08 | Crear | Villager (Male) |
| 3:41 | Crear | Villager (Male) |
| 3:52 | Crear | Villager (Male) |
| 4:05 | Investigar | Loom |
| 4:46 | Crear | Villager (Male) |
| 5:04 | Construir | Mining Camp |
| 5:47 | Crear | Villager (Male) |
| 6:15 | Investigar | Feudal Age |
| 6:15 | Investigar | Feudal Age |
| 6:32 | Construir | Barracks |
| 6:34 | Construir | House |
| 6:39 | Crear | Villager (Male) |
| 8:25 | Edad | Edad Feudal |
| 8:32 | Construir | Archery Range |
| 8:34 | Construir | Archery Range |
| 8:50 | Crear | Villager (Male) |
| 8:53 | Crear | Villager (Male) |
| 9:06 | Crear | Villager (Male) |
| 9:15 | Crear | Villager (Male) |
| 9:22 | Construir | Blacksmith |
| 9:26 | Construir | House |
| 9:27 | Crear | Villager (Male) |
| 9:34 | Construir | House |
| 9:37 | Crear | Archer |
| 9:38 | Crear | Archer |
| 9:42 | Crear | Villager (Male) |
| 9:44 | Construir | House |
| 9:53 | Crear | Archer |
| 10:13 | Crear | Archer |
| 10:13 | Crear | Archer |
| 10:29 | Crear | Villager (Male) |
| 10:31 | Crear | Archer |
| 10:36 | Investigar | Fletching |
| 11:04 | Crear | Archer |
| 11:04 | Crear | Archer |
| 11:19 | Crear | Archer |
| 11:24 | Crear | Villager (Male) |
| 11:30 | Construir | Mill |
| 11:37 | Construir | House |
| 11:39 | Construir | Palisade Wall |
| 11:49 | Crear | Archer |
| 11:59 | Crear | Archer |
| 12:11 | Crear | Archer |
| 12:27 | Construir | Farm |
| 12:29 | Construir | Farm |
| 12:32 | Construir | Farm |
| 12:41 | Crear | Archer |
| 12:54 | Crear | Archer |
| 13:19 | Crear | Archer |
| 13:23 | Crear | Archer |
| 13:24 | Crear | Villager (Male) |
| 13:44 | Crear | Villager (Male) |
| 13:50 | Construir | Dock |
| 14:09 | Construir | Dock |
| 14:09 | Crear | Villager (Male) |
| 14:17 | Construir | House |
| 14:23 | Crear | Archer |
| 14:30 | Crear | Archer |
| 14:44 | Crear | Villager (Male) |
| 15:06 | Crear | Archer |
| 15:11 | Crear | Fishing Ship |
| 15:12 | Crear | Fishing Ship |
| 15:12 | Crear | Fishing Ship |
| 15:18 | Crear | Villager (Male) |
| 15:20 | Construir | Farm |
| 15:23 | Construir | Farm |
| 15:24 | Construir | Farm |
| 15:29 | Crear | Archer |
| 15:31 | Crear | Villager (Male) |
| 15:34 | Crear | Archer |
| 15:49 | Crear | Archer |
| 15:59 | Crear | Villager (Male) |
| 16:12 | Crear | Villager (Male) |
| 16:20 | Crear | Archer |
| 16:23 | Crear | Villager (Male) |
| 16:25 | Construir | House |
| 16:34 | Crear | Archer |
| 16:57 | Crear | Archer |
| 17:00 | Crear | Archer |
| 17:06 | Crear | Archer |
| 17:07 | Crear | Villager (Male) |
| 17:15 | Crear | Villager (Male) |
| 17:18 | Construir | Farm |
| 17:19 | Investigar | Horse Collar |
| 17:20 | Investigar | Horse Collar |
| 17:58 | Crear | Villager (Male) |
| 17:59 | Crear | Archer |
| 17:59 | Crear | Archer |
| 18:13 | Crear | Villager (Male) |
| 18:16 | Construir | House |
| 18:17 | Construir | House |
| 18:17 | Construir | House |
| 18:21 | Investigar | Double-Bit Axe |
| 18:43 | Crear | Villager (Male) |
| 18:43 | Crear | Villager (Male) |
| 18:45 | Crear | Villager (Male) |
| 18:46 | Crear | Archer |
| 18:47 | Crear | Archer |
| 18:48 | Construir | Farm |
| 18:48 | Construir | Farm |
| 18:48 | Construir | Farm |
| 18:49 | Construir | Farm |
| 18:49 | Construir | Farm |
| 18:54 | Construir | Farm |
| 18:56 | Construir | Farm |
| 19:12 | Crear | Villager (Male) |
Build order — Paradigma
65 acciones detectadas en el replay
| 0:08 | Investigar | Loom |
| 0:10 | Construir | House |
| 0:11 | Construir | House |
| 0:14 | Construir | House |
| 0:30 | Crear | Villager (Male) |
| 0:30 | Crear | Villager (Male) |
| 0:31 | Crear | Villager (Male) |
| 0:31 | Crear | Villager (Male) |
| 1:41 | Crear | Villager (Male) |
| 1:41 | Crear | Villager (Male) |
| 1:51 | Construir | Settlement |
| 2:04 | Crear | Villager (Male) |
| 2:49 | Crear | Villager (Male) |
| 2:50 | Crear | Villager (Male) |
| 2:50 | Crear | Villager (Male) |
| 3:25 | Crear | Villager (Male) |
| 3:52 | Crear | Villager (Male) |
| 4:01 | Construir | House |
| 4:10 | Crear | Villager (Male) |
| 4:31 | Crear | Villager (Male) |
| 4:54 | Construir | Dock |
| 5:14 | Crear | Villager (Male) |
| 5:14 | Crear | Villager (Male) |
| 5:48 | Construir | Settlement |
| 6:06 | Crear | Villager (Male) |
| 6:16 | Crear | Fishing Ship |
| 6:30 | Construir | House |
| 6:53 | Construir | House |
| 6:55 | Crear | Fishing Ship |
| 7:13 | Construir | Outpost |
| 7:19 | Construir | Palisade Wall |
| 7:21 | Crear | Villager (Male) |
| 7:40 | Crear | Fishing Ship |
| 7:48 | Construir | Outpost |
| 7:58 | Crear | Villager (Male) |
| 8:13 | Crear | Fishing Ship |
| 8:24 | Investigar | Feudal Age |
| 8:41 | Construir | Outpost |
| 8:54 | Construir | Palisade Wall |
| 8:58 | Crear | Fishing Ship |
| 9:17 | Construir | Palisade Wall |
| 9:54 | Construir | Barracks |
| 10:05 | Construir | Barracks |
| 10:30 | Construir | Palisade Wall |
| 10:32 | Construir | Palisade Wall |
| 10:33 | Construir | Palisade Wall |
| 10:34 | Edad | Edad Feudal |
| 10:35 | Construir | Palisade Wall |
| 10:36 | Construir | Palisade Wall |
| 10:39 | Crear | Spearman |
| 10:42 | Crear | Skirmisher |
| 11:08 | Crear | Skirmisher |
| 11:20 | Crear | Fire Galley |
| 11:35 | Crear | Skirmisher |
| 11:40 | Construir | Settlement |
| 11:53 | Crear | Skirmisher |
| 12:26 | Crear | Villager (Male) |
| 13:13 | Crear | Villager (Male) |
| 13:26 | Construir | Blacksmith |
| 13:32 | Investigar | Double-Bit Axe |
| 13:48 | Crear | Unit 2550 |
| 13:49 | Crear | Unit 2550 |
| 13:53 | Crear | Villager (Male) |
| 13:53 | Crear | Villager (Male) |
| 13:53 | Crear | Villager (Male) |
Build order — saracast
104 acciones detectadas en el replay
| 0:01 | Crear | Villager (Male) |
| 0:01 | Crear | Villager (Male) |
| 0:02 | Construir | House |
| 0:04 | Construir | House |
| 0:05 | Construir | House |
| 0:09 | Investigar | Loom |
| 0:09 | Crear | Villager (Male) |
| 0:38 | Crear | Villager (Male) |
| 0:38 | Crear | Villager (Male) |
| 0:42 | Crear | Villager (Male) |
| 0:42 | Crear | Villager (Male) |
| 1:09 | Construir | Lumber Camp |
| 1:13 | Crear | Villager (Male) |
| 1:13 | Crear | Villager (Male) |
| 1:52 | Crear | Villager (Male) |
| 1:52 | Crear | Villager (Male) |
| 2:11 | Crear | Villager (Male) |
| 2:38 | Crear | Villager (Male) |
| 3:44 | Crear | Villager (Male) |
| 3:45 | Crear | Villager (Male) |
| 3:45 | Crear | Villager (Male) |
| 3:52 | Construir | Dock |
| 3:55 | Crear | Villager (Male) |
| 3:55 | Crear | Villager (Male) |
| 4:31 | Crear | Fishing Ship |
| 4:38 | Crear | Villager (Male) |
| 5:12 | Construir | House |
| 5:18 | Crear | Fishing Ship |
| 5:24 | Construir | House |
| 6:11 | Construir | Palisade Wall |
| 6:22 | Investigar | Feudal Age |
| 6:39 | Construir | Lumber Camp |
| 7:19 | Construir | Palisade Wall |
| 7:25 | Construir | Mining Camp |
| 8:16 | Construir | Palisade Wall |
| 8:18 | Construir | Palisade Wall |
| 8:23 | Construir | Palisade Wall |
| 8:26 | Crear | Villager (Male) |
| 8:30 | Construir | Dock |
| 8:32 | Edad | Edad Feudal |
| 8:50 | Crear | Unit 2626 |
| 8:51 | Crear | Villager (Male) |
| 8:56 | Investigar | Double-Bit Axe |
| 9:00 | Construir | House |
| 9:04 | Construir | Palisade Wall |
| 9:23 | Crear | Villager (Male) |
| 9:30 | Construir | House |
| 9:36 | Crear | Unit 2626 |
| 9:39 | Crear | Unit 2626 |
| 9:42 | Crear | Villager (Male) |
| 9:58 | Crear | Villager (Male) |
| 10:23 | Crear | Unit 2626 |
| 10:23 | Crear | Unit 2626 |
| 10:24 | Crear | Villager (Male) |
| 10:25 | Crear | Villager (Male) |
| 10:35 | Construir | Mill |
| 10:50 | Crear | Fire Galley |
| 11:24 | Crear | Fire Galley |
| 11:25 | Crear | Villager (Male) |
| 11:45 | Crear | Villager (Male) |
| 11:58 | Crear | Fishing Ship |
| 11:58 | Crear | Fishing Ship |
| 12:02 | Construir | House |
| 12:02 | Construir | House |
| 12:31 | Crear | Fishing Ship |
| 12:32 | Crear | Fishing Ship |
| 12:40 | Crear | Villager (Male) |
| 12:50 | Construir | Dock |
| 12:56 | Construir | House |
| 12:58 | Construir | House |
| 13:00 | Construir | House |
| 13:07 | Crear | Fishing Ship |
| 13:08 | Crear | Villager (Male) |
| 13:26 | Crear | Villager (Male) |
| 13:46 | Crear | Fishing Ship |
| 13:46 | Crear | Fishing Ship |
| 13:47 | Crear | Fishing Ship |
| 13:52 | Construir | House |
| 13:54 | Construir | House |
| 13:59 | Construir | Barracks |
| 14:01 | Crear | Villager (Male) |
| 14:04 | Crear | Fishing Ship |
| 14:57 | Crear | Villager (Male) |
| 14:58 | Crear | Fishing Ship |
| 14:58 | Crear | Fishing Ship |
| 15:05 | Investigar | Tech 906 |
| 15:38 | Crear | Villager (Male) |
| 15:39 | Crear | Fishing Ship |
| 15:40 | Crear | Fishing Ship |
| 15:58 | Crear | Villager (Male) |
| 16:06 | Construir | Stable |
| 16:26 | Crear | Villager (Male) |
| 16:42 | Crear | Fishing Ship |
| 16:42 | Crear | Fishing Ship |
| 16:46 | Construir | Market |
| 17:22 | Construir | Dock |
| 17:36 | Construir | Mining Camp |
| 17:39 | Crear | Villager (Male) |
| 17:57 | Investigar | Castle Age |
| 18:31 | Construir | Stable |
| 18:33 | Investigar | Bloodlines |
| 18:38 | Construir | Blacksmith |
| 19:00 | Investigar | Stone Mining |
| 19:04 | Crear | Scout Cavalry |
Cronología de la partida
| 3:52 | saracast · first_building Dock |
| 4:04 | 展毅 · wall_segment Palisade Wall x4 |
| 4:18 | Bourne2Believe · first_building Dock |
| 4:22 | 展毅 · first_building Dock |
| 4:34 | mylove__ · first_building Dock |
| 4:54 | Paradigma · first_building Dock |
| 5:21 | 展毅 · wall_segment Palisade Wall x9 |
| 5:29 | SmithAoE · first_building Dock |
| 5:47 | SmithAoE · wall_segment Palisade Wall x1 |
| 5:48 | SmithAoE · wall_segment Palisade Wall x1 |
| 5:48 | 展毅 · wall_segment Palisade Wall x1 |
| 5:49 | SmithAoE · wall_segment Palisade Wall x1 |
| 6:11 | saracast · wall_segment Palisade Wall x7 |
| 6:26 | Zeriel · first_building Barracks |
| 6:32 | impirion · first_building Barracks |
| 7:19 | saracast · wall_segment Palisade Wall x10 |
| 7:19 | Paradigma · wall_segment Palisade Wall x9 |
| 7:34 | SmithAoE · first_building Barracks |
| 7:40 | Bourne2Believe · first_building Barracks |
| 7:47 | Zeriel · age_up feudal |
| 7:50 | Zeriel · first_building Archery Range |
| 7:59 | mylove__ · wall_segment Palisade Wall x4 |
| 8:16 | saracast · wall_segment Palisade Wall x9 |
| 8:18 | saracast · wall_segment Palisade Wall x3 |
| 8:23 | saracast · wall_segment Palisade Wall x9 |
| 8:25 | impirion · age_up feudal |
| 8:31 | Bourne2Believe · age_up feudal |
| 8:32 | saracast · age_up feudal |
| 8:32 | Zeriel · wall_segment Stone Wall x4 |
| 8:32 | impirion · first_building Archery Range |
| 8:36 | Bourne2Believe · first_building Stable |
| 8:38 | SmithAoE · age_up feudal |
| 8:48 | SmithAoE · first_building Stable |
| 8:54 | Paradigma · wall_segment Palisade Wall x12 |
| 8:55 | Bourne2Believe · wall_segment Palisade Wall x14 |
| 9:04 | saracast · wall_segment Palisade Wall x2 |
| 9:15 | mylove__ · first_building Barracks |
| 9:17 | Paradigma · wall_segment Palisade Wall x1 |
| 9:22 | Bourne2Believe · wall_segment Palisade Wall x10 |
| 9:25 | Zeriel · wall_segment Stone Wall x1 |
| 9:31 | Zeriel · wall_segment Stone Wall x11 |
| 9:40 | mylove__ · wall_segment Palisade Wall x9 |
| 9:43 | SmithAoE · wall_segment Stone Wall x9 |
| 9:51 | mylove__ · age_up feudal |
| 9:53 | 展毅 · first_building Barracks |
| 9:54 | Paradigma · first_building Barracks |
| 10:09 | mylove__ · first_building Stable |
| 10:30 | Paradigma · wall_segment Palisade Wall x1 |
| 10:32 | Paradigma · wall_segment Palisade Wall x1 |
| 10:33 | Paradigma · wall_segment Palisade Wall x1 |
| 10:34 | Paradigma · age_up feudal |
| 10:35 | Paradigma · wall_segment Palisade Wall x1 |
| 10:36 | 展毅 · age_up feudal |
| 10:36 | Paradigma · wall_segment Palisade Wall x1 |
| 10:39 | 展毅 · first_building Archery Range |
| 10:47 | 展毅 · wall_segment Palisade Wall x1 |
| 10:48 | 展毅 · wall_segment Palisade Wall x1 |
| 10:49 | 展毅 · wall_segment Palisade Wall x1 |
| 11:39 | impirion · wall_segment Palisade Wall x8 |
| 12:05 | SmithAoE · wall_segment Stone Wall x3 |
| 12:28 | Zeriel · wall_segment Stone Wall x3 |
| 13:50 | impirion · first_building Dock |
| 13:52 | SmithAoE · wall_segment Stone Wall x12 |
| 13:56 | 展毅 · first_market_sell 100 stone |
| 13:57 | 展毅 · first_market_buy 100 food |
| 13:59 | saracast · first_building Barracks |
| 14:14 | Bourne2Believe · resign |
| 14:28 | Zeriel · wall_segment Stone Wall x4 |
| 14:56 | 展毅 · age_up castle |
| 16:06 | saracast · first_building Stable |
| 16:32 | SmithAoE · first_market_sell 100 wood |
| 18:12 | Zeriel · first_market_sell 100 wood |
| 18:13 | Zeriel · first_market_buy 100 food |
| 19:15 | SmithAoE · age_up castle |
[ ANÁLISIS IA · 1 CRÉDITO ]
¿Qué pasó realmente en esta partida?
Wolo.gg analiza cada decisión: build order, eco, micro, errores típicos por bracket. Análisis personalizado por WhatsApp o Discord en 30 segundos.
Guía civ
Japoneses
Guía mapa
MegaRandom
Perfil
Jugador #4490211